 Dungeon Crawl Stone Soup version 0.24-a0-182-gc7eaa07895 (webtiles) character file.

Game seed: 14973290724347687123

39 MrRokkomies the Sneak (level 3, -3/25 HPs)
             Began as an Octopode Assassin on Mar 15, 2019.
             Slain by a sky beast (5 damage)
             ... on level 2 of the Dungeon.
             The game lasted 00:03:20 (1083 turns).

MrRokkomies the Sneak (Octopode Assassin)           Turns: 1083, Time: 00:03:21

Health: -3/25      AC:  1    Str: 10    XL:     3   Next: 47%
Magic:  3/3        EV: 18    Int: 13    God:
Gold:   13         SH:  0    Dex: 19    Spells: 2/2 levels left

rFire    . . .     SeeInvis .   a - +2 dagger
rCold    . . .     Gourm    .   (no shield)
rNeg     . . .     Faith    .   (helmet restricted)
rPois    .         Spirit   .   (no amulet)
rElec    .         Reflect  .   (no ring)
rCorr    .         Harm     .   (no ring)
MR       .....                  (no ring)
Stlth    +++++.....             (no ring)
HPRegen  0.08/turn              (no ring)
MPRegen  0.08/turn              (no ring)
                                (no ring)
                                (no ring)

@: agile
A: almost no armour, stealthy swim, amphibious, 8 rings, constrict 8, camouflage
1, gelatinous body 1
a: no special abilities


You were on level 2 of the Dungeon.
You were not hungry.

You visited 1 branch of the dungeon, and saw 2 of its levels.

You collected 13 gold pieces.

Inventory:

Hand Weapons
 a - a +2 dagger (weapon)
 b - a +1 blowgun
Missiles
 c - 8 poisoned needles
 d - 2 curare-tipped needles
 n - 26 stones (quivered)
Scrolls
 j - a scroll of identify
 k - a scroll of enchant weapon
Potions
 e - a potion of resistance
 h - a potion of curing
 i - a potion of agility
 l - a potion of magic {unknown}
Comestibles
 f - 5 rations


   Skills:
 * Level 2.8 Fighting
 - Level 2.0 Short Blades
 * Level 2.8 Throwing
 - Level 1.0 Dodging
 + Level 5.6 Stealth


You had 2 spell levels left.
You didn't know any spells.
Your spell library was empty.

Dungeon Overview and Level Annotations

Branches:
Dungeon (2/15)

Altars:


Innate Abilities, Weirdness & Mutations

You cannot wear most types of armour.
You are very stealthy in the water. (Stealth+)
You are amphibious.
You can wear up to eight rings at the same time.
You can use your tentacles to constrict eight enemies at once.
Your skin changes colour to match your surroundings (Stealth+).
Your rubbery body absorbs attacks. (AC +1, EV +1)


Message History

The sky beast barely misses you.
You closely miss the sky beast.
The sky beast is moderately wounded.
The sky beast misses you.
You barely miss the sky beast.
The sky beast is moderately wounded.
The sky beast hits you. The sky beast shocks you.
* * * LOW HITPOINT WARNING * * *
You closely miss the sky beast.
The sky beast is moderately wounded.
The sky beast barely misses you.
You hit the sky beast.
The sky beast is heavily wounded.
The sky beast completely misses you.
You barely miss the sky beast.
The sky beast is heavily wounded.
The sky beast hits you.
* * * LOW HITPOINT WARNING * * *
The sky beast shocks you.
You die...

#.).#.....#...
#.##..........
##.#...........
##.†#...........
#...#...>.......
##..##...........
##...##........... ..
#..#.###.......... #.
#@##..........#...
#.###Y##.###.#########
#..##w##..... #
####.##≈##..## .
.......†...## #.
.###.##...## ..
#####.......#
#.....##..###
######.#######.##


You could see a sky beast and a worm.

Vanquished Creatures
  An adder (D:2)
  A dart slug (D:1)
  A leopard gecko (D:1)
  6 bats
  4 giant cockroaches
  3 goblins
  4 hobgoblins
  2 kobolds (D:2)
  A quokka (D:2)
  A rat (D:2)
24 creatures vanquished.

Notes
Turn   | Place    | Note
-------+----------+-------------------------------------------
     0 | D:1      | MrRokkomies the Octopode Assassin began the quest for the
                  | Orb.
     0 | D:1      | Reached XP level 1. HP: 14/14 MP: 1/1
   132 | D:1      | Reached XP level 2. HP: 3/19 MP: 2/2
   905 | D:2      | Reached XP level 3. HP: 21/25 MP: 3/3
  1041 | D:2      | Noticed a sky beast
  1056 | D:2      | HP: 1/25 [something (5)]
  1083 | D:2      | Slain by a sky beast

Levels and vault maps discovered:
D:1:      minmay_arrival_pointy, layout_rooms, minmay_tromino_i2
D:2:      layout_rooms

Action                   || total
-------------------------++-------
Melee: Dagger            ||    54
       Constrict         ||    13
       Tentacles         ||     7
Throw: Stone             ||     5
  Use: Scroll            ||     6
       Potion            ||     3
 Stab: Sleeping          ||     9
Armor: Skin              ||     6
Dodge: Dodged            ||    40

Table legend:
 A = Non-vault XP
 B = Vault XP
 C = Vault XP percentage of total XP
 D = Non-vault monster count
 E = Vault monster count
 F = Vault count percentage of total count
                 A         B        C        D         E       F
            +---------+---------+-------+---------+---------+-------
      Total |      53 |       4 |   7.0 |      22 |       2 |   8.3
            +---------+---------+-------+---------+---------+-------
        D:1 |      24 |       4 |  14.3 |      11 |       2 |  15.4
        D:2 |      29 |       0 |   0.0 |      11 |       0 |   0.0
            +---------+---------+-------+---------+---------+-------
